Kradschützen Motorcycle Team
Selects Armored Support Battlegroup
Construct Light Support Kompanie
Construct Mechanized Kompanie
Panzerjäger Mechanized Group
Marder III Tank Destroyer
Selects Flammpanzer III Medium Tank
Flammpanzer III Medium Tank
Construct Panzerarmee Kommand
Selects Command Panzer IV F Medium Tank
Marder III Tank Destroyer
Marder III Tank Destroyer
Flammpanzer III Medium Tank
Construct Panzerarmee Kommand
Command Panzer IV F Medium Tank
Selects Stuka Anti-tank Loiter
Flak 36 Anti-tank Gun Team
Command Panzer IV F Medium Tank